 Dungeon Crawl Stone Soup version 0.23.2 (webtiles) character file.

Game seed: 4225270469686151584

114 Blynxz the Ruffian (level 4, -3/35 (37) HPs)
             Began as a Ghoul Gladiator on Apr 12, 2019.
             Slain by a worm (5 damage)
             ... on level 3 of the Dungeon.
             The game lasted 00:11:39 (1672 turns).

Blynxz the Ruffian (Ghoul Gladiator)                Turns: 1672, Time: 00:11:39

HP:   -3/35 (37)    AC:  7    Str: 17    XL:     4   Next: 97%
MP:   3/3           EV: 10    Int:  4    God:
Gold: 80            SH:  0    Dex: 10    Spells: 3/3 levels left

rFire    . . .     SeeInvis .     - Unarmed
rCold    + . .     Gourm    .   (no shield)
rNeg     + + +     Faith    .   g - +0 scale mail
rPois    ∞         Spirit   .   b - +0 helmet
rElec    .         Reflect  .   (no cloak)
rCorr    .         Harm     .   (no gloves)
MR       .....                  (no boots)
Stlth    ..........             (no amulet)
HPRegen  0.00/turn              (no ring)
MPRegen  0.08/turn              (no ring)

@: rotting, hasted, very quick
A: rotting body, claws 1, carnivore, cold resistance 1, negative energy
resistance 3, inhibited regeneration, torment resistance, unbreathing
a: no special abilities


You were on level 3 of the Dungeon.
You were not hungry.

You visited 1 branch of the dungeon, and saw 3 of its levels.

You collected 80 gold pieces.

Inventory:

Hand Weapons
 c - a +0 flail
 h - a +0 short sword
 o - a +0 club
 p - a cursed -2 dagger
Missiles
 e - 5 large rocks
 f - 54 stones (quivered)
 q - 25 sling bullets
 r - 15 arrows
Armour
 a - a +0 leather armour
 b - a +0 helmet (worn)
 g - a +0 scale mail (worn)
 l - a +0 chain mail
Scrolls
 i - a scroll of enchant armour {unknown}
 j - 2 scrolls of identify
 k - 2 scrolls of teleportation
 m - a scroll of noise
 n - a scroll of immolation {unknown}
Comestibles
 d - 3 rations
 s - 3 chunks of flesh


   Skills:
 + Level 2.6 Fighting
 + Level 2.0 Throwing
 + Level 1.5 Armour
 + Level 3.3 Dodging
 + Level 1.0 Stealth
 + Level 4.4 Unarmed Combat


You had 3 spell levels left.
You didn't know any spells.
Your spell library was empty.

Dungeon Overview and Level Annotations

Branches:
Dungeon (3/15)

Altars:


Innate Abilities, Weirdness & Mutations

Your body is rotting away.
You thrive on raw meat.
You are immune to poison.
You have sharp fingernails.
You are carnivorous and can eat meat at any time.
Your flesh is cold resistant. (rC+)
You are immune to negative energy. (rN+++)
You do not regenerate when monsters are visible.
You are immune to unholy pain and torment.
You can survive without breathing.


Message History

The worker ant is severely wounded.
The worker ant closely misses you. The worm bites you but does no damage.
The worker ant bites you but does no damage.
You closely miss the worker ant.
The worker ant is severely wounded.
The worker ant closely misses you. The worm bites you!
* * * LOW HITPOINT WARNING * * *
You barely miss the worker ant.
The worker ant is severely wounded.
The worker ant bites you.
* * * LOW HITPOINT WARNING * * *
You scratch the worker ant but do no damage.
The worker ant is severely wounded.
The worker ant barely misses you. The worm bites you.
* * * LOW HITPOINT WARNING * * *
You scratch the worker ant.
You kill the worker ant!
Your Stealth skill increases to level 1!
It was a potion of haste.
You feel yourself speed up. The worm bites you.
You die...

.#......##
#......8#
#......##
#...#..#
#...#..##
#...#..8#
#.. #..##
#. #..#
..#####@.##
(..(.(w..⌠#
.........##
........?#
.........#
.........8
.........##
.........#
.........#


You could see a worm.

Vanquished Creatures
  A worker ant (D:3)
  A gnoll (D:2)
  3 adders (D:2)
  2 oozes
  A worm (D:2)
  A dart slug (D:1)
  A leopard gecko (D:1)
  4 bats
  2 giant cockroaches
  5 goblins
  6 hobgoblins
  3 kobolds
  4 frilled lizards (D:1)
  3 rats
37 creatures vanquished.

Notes
Turn   | Place    | Note
-------+----------+-------------------------------------------
     0 | D:1      | Blynxz the Ghoul Gladiator began the quest for the Orb.
     0 | D:1      | Reached XP level 1. HP: 17/17 MP: 0/0
   199 | D:1      | Reached XP level 2. HP: 22/22 MP: 1/1
   598 | D:1      | Reached XP level 3. HP: 23/27 MP: 2/2
   961 | D:2      | Reached skill level 4 in Unarmed Combat
  1405 | D:2      | Reached skill level 1 in Armour
  1405 | D:2      | Reached XP level 4. HP: 10/36 MP: 3/3
  1671 | D:3      | Reached skill level 1 in Stealth
  1672 | D:3      | Slain by a worm

Skill      XL: |  1  2  3  4 |
---------------+-------------+-----
Dodging        | 3 |  3.3
Unarmed Combat | 4 |  4.4
Armour         | 1 |  1.5
Throwing       | 2 |  2.0
Stealth        | 1 |  1.0
Fighting       | |  2.6

Action                   |  1- 3 |  4- 6 || total
-------------------------+-------+-------++-------
Melee: Unarmed           |   109 |    44 ||   153
       Punch             |       |     1 ||     1
Throw: Throwing net      |     3 |     1 ||     4
       Stone             |       |     6 ||     6
  Use: Scroll            |     3 |       ||     3
       Potion            |     1 |     1 ||     2
  Eat: Chunk             |     2 |     2 ||     4
Armor: Scale mail        |    72 |    19 ||    91
Dodge: Dodged            |    75 |    23 ||    98
